 Dungeon Crawl Stone Soup version 0.19-a0-713-g934ebc7 (webtiles) character file.

74 shmeve the Skirmisher (level 4, -1/41 HPs)
             Began as a Minotaur Berserker on June 20, 2016.
             Was a Believer of Trog.
             Slain by a gnoll
             ... wielding a +0 spear
              (2 damage)
             ... on level 2 of the Dungeon.
             The game lasted 00:02:17 (1085 turns).

shmeve the Skirmisher (Minotaur Berserker)          Turns: 1085, Time: 00:02:18

Health: -1/41      AC:  3    Str: 22    XL:     4   Next: 10%
Magic:  3/3        EV: 12    Int:  4    God:    Trog [**....]
Gold:   72         SH:  0    Dex: 10    Spells: 0 memorised, 3 levels left

rFire  + . .     SeeInvis .     a - +0 hand axe
rCold  . . .     Gourm    .     b - +0 animal skin
rNeg   . . .     Faith    .     (no shield)
rPois  .         Spirit   .     (helmet restricted)
rElec  .         Dismiss  .     e - +0 cloak
rCorr  .         Reflect  .     (no gloves)
SustAt .         Harm     .     (no boots)
MR     .....                    (no amulet)
Stlth  +.........               (no ring)
                                i - ring of protection from fire

@: exhausted, slowed, very slow, not resistant to hostile enchantments, very
unstealthy
A: retaliatory headbutt, horns 2
a: Berserk, Trog's Hand, Burn Spellbooks, Renounce Religion


You were on level 2 of the Dungeon.
You worshipped Trog.
Trog was pleased with you.
You were hungry.

You visited 1 branch of the dungeon, and saw 2 of its levels.

You collected 72 gold pieces.

Inventory:

Hand Weapons
 a - a +0 hand axe (weapon)
 k - a +0 hunting sling
Armour
 b - a +0 animal skin (worn)
 e - a +0 cloak (worn)
Jewellery
 i - a ring of protection from fire (left hand)
Scrolls
 h - a scroll of remove curse {unknown}
Potions
 g - a potion of flight {unknown}
 j - a potion of mutation {unknown}
 m - a potion of haste {unknown}
 n - 2 potions of brilliance {unknown}
Comestibles
 c - 2 bread rations
 d - 2 royal jellies
 f - a meat ration
 l - a beef jerky


   Skills:
 * Level 4.8 Fighting
 * Level 4.2 Axes
 + Level 0.4 Slings
 + Level 2.9 Armour
 + Level 2.7 Dodging


You had 3 spell levels left.
You didn't know any spells.

Dungeon Overview and Level Annotations

Branches:
Dungeon (2/15)

Altars:


Innate Abilities, Weirdness & Mutations

You reflexively headbutt those who attack you in melee.
You have a pair of horns on your head.


Message History

The gnoll hits you with a halberd!
* * * LOW HITPOINT WARNING * * *
The gnoll hits you with a spear!
* * * LOW HITPOINT WARNING * * *
You closely miss the gnoll. Your headbutt misses the gnoll.
The gnoll is moderately wounded.
You hit the gnoll.
The gnoll is lightly wounded.
The gnoll hits you with a spear.
* * * LOW HITPOINT WARNING * * *
The gnoll misses you.
You closely miss the gnoll. You headbutt the gnoll!
You kill the gnoll!
Trog accepts your kill.
You have reached level 4!
You feel agile.
You closely miss the gnoll.
The gnoll is lightly wounded.
The gnoll hits you with a spear.
You die...

# #..........# ####
.#####........## ...#
###..............###..
...####...####.............#
>.......### #..........#.##
...†......####..............
...######...##..).......###.
..## ###.(#..g)).....## ..#
##..#.@)......... #.#
##.##......##.##.. #.#
##..(..<#### ..#.# #.# ###
##.....### #.#.# ### #.###.#
###..##.## #.#.# ... #.##..#
#...###.# #...# #
#.##..###.### #..# #...# #
#.##......# ##.. ####.#.#
### #.##.##..## #.
##....#.###..


You could see a gnoll.

Vanquished Creatures
  3 gnolls (D:2)
  2 adders (D:2)
  A dart slug (D:1)
  A giant gecko (D:1)
  7 bats
  A goblin (D:1)
  3 hobgoblins
  2 giant newts (D:1)
  2 kobolds
  5 rats
27 creatures vanquished.

Notes
Turn   | Place    | Note
--------------------------------------------------------------
     0 | D:1      | shmeve the Minotaur Berserker began the quest for the Orb.
     0 | D:1      | Reached XP level 1. HP: 19/19 MP: 0/0
   158 | D:1      | Reached XP level 2. HP: 19/27 MP: 1/1
   703 | D:2      | Reached ** piety under Trog
   703 | D:2      | Reached XP level 3. HP: 28/34 MP: 2/2
  1083 | D:2      | HP: 1/35 [gnoll/spear (8)]
  1085 | D:2      | Reached XP level 4. HP: 1/41 MP: 3/3
  1085 | D:2      | Slain by a gnoll

Vault maps used:
D:1:      dpeg_arrival_three_same_balls, minmay_strange_pillars
D:2:      first_bread, grunt_decor_arrowhead, kennysheep_generic_room_2

Skill      XL: |  1  2  3 |
---------------+----------+-----
Fighting       | 4 |  4.8
Axes           | 4 |  4.2
Slings         | |  0.4
Armour         | |  2.9
Dodging        | |  2.7

Action                   |  1- 3 |  4- 6 || total
-------------------------+-------+-------++-------
Melee: Hand axe          |    55 |       ||    55
       Headbutt          |     7 |       ||     7
Invok: Berserk           |     1 |       ||     1
       Trog's Hand       |     1 |       ||     1
  Eat: Chunk             |     1 |       ||     1
Armor: Animal skin       |    12 |       ||    12
Dodge: Dodged            |    56 |       ||    56
